[Event "Titled Tuesday Blitz March 22 Late 2022"]
[White "Havas, Ladislav"]
[Black "Piliczewski, Bogusz"]
[WhiteFideId "14501090"]
[BlackFideId "1104144"]
[WhiteElo "2206"]
[BlackElo "1896"]
[Result "1-0"]
[Round "03"]
[TimeControl "180+1"]
[Date "2022.03.22"]
[WhiteClock "0:00:24"]
[BlackClock "0:00:13"]

1. d4 d5 2. Bf4 Nf6 3. e3 Bf5 4. Bd3 Bxd3 5. Qxd3 c6 6. Nf3 e6 7. O-O Bd6 8. Bg3 Bxg3 9. hxg3 O-O 10. Nbd2 Nbd7 11. c3 Qe7 12. e4 dxe4 13. Nxe4 Nxe4 14. Qxe4 Rfe8 15. Rfe1 Rad8 16. Rad1 Qf6 17. Ne5 Nxe5 18. dxe5 Qe7 19. c4 Rxd1 20. Rxd1 Rd8 21. Rd4 c5 22. Rxd8+ Qxd8 23. Kh2 Qd1 24. g4 h5 25. Qxb7 hxg4 26. Qc8+ Kh7 27. Qxc5 Qd2 28. Kg3 Qxb2 29. Kxg4 Qxa2 30. Qd4 a5 31. c5 a4 32. Qe4+ g6 33. c6 Qxf2 34. c7 Qc5 35. Qb7 Qd4+ 36. Kh3 Qe3+ 37. g3 Qh6+ 38. Kg2 Qd2+ 39. Kg1 Qe1+ 40. Kh2 Qd2+ 41. Kh3 Qh6+ 42. Kg4 Qh5+ 43. Kf4 Qf5+ 44. Ke3 Qxe5+ 45. Kd3 Qf5+ 46. Kc4 Qc2+ 47. Kb5 Qb3+ 48. Ka6 Qc4+ 49. Ka7 Qc5+ 50. Kb8 Qd6 51. Ka8 a3 52. c8=Q a2 53. Qxf7+ Kh6 54. Qc1+ Kh5 55. Qh7+ Kg4 56. Qh4+ Kf5 57. Qhf4+ Qxf4 58. Qxf4# 1-0


[Site "https://www.chess.com"]

[Event "Titled Tuesday Blitz March 22 Late 2022"]
[White "Holt, Conrad"]
[Black "Karttunen, Mika"]
[WhiteFideId "2034387"]
[BlackFideId "502081"]
[WhiteElo "2586"]
[BlackElo "2343"]
[Result "1-0"]
[Round "03"]
[TimeControl "180+1"]
[Date "2022.03.22"]
[WhiteClock "0:00:17"]
[BlackClock "0:00:05"]

1. d4 Nf6 2. c4 g6 3. Nc3 d6 4. Nf3 Bg7 5. e4 O-O 6. h3 e5 7. dxe5 dxe5 8. Qxd8 Rxd8 9. Bg5 Re8 10. Nd5 Nxd5 11. cxd5 c6 12. Bc4 b5 13. Bb3 Bb7 14. Rc1 a5 15. a3 a4 16. Ba2 Rc8 17. Be7 cxd5 18. Rxc8+ Bxc8 19. Bxd5 Ra6 20. O-O Bd7 21. Rc1 Nc6 22. Bc5 h6 23. Rd1 Be8 24. g4 Bf8 25. Rc1 Bg7 26. Kg2 Kh7 27. g5 f6 28. h4 Bd7 29. Kg3 f5 30. Rc3 f4+ 31. Kg2 Bg4 32. Nh2 Bd7 33. Nf3 Bg4 34. Rd3 Bxf3+ 35. Kxf3 Nd4+ 36. Bxd4 exd4 37. Kxf4 Rb6 38. e5 Bf8 39. Rxd4 Be7 40. Rd2 Kg7 41. Be4 hxg5+ 42. hxg5 b4 43. Rd7 Kf8 44. Ra7 bxa3 45. bxa3 Bxa3 46. Rxa4 Be7 47. Ra8+ Kf7 48. Ra7 Rb2 49. Bd5+ Kf8 50. f3 Rb4+ 51. Be4 Rb6 52. Kg4 Kf7 53. f4 Kf8 54. Ra2 Kf7 55. Re2 Kf8 56. Bd5 Kg7 57. Rc2 Rb5 58. Rc7 Kf8 59. Rc8+ Kg7 60. Rg8+ Kh7 61. Bf7 Rb4 62. Rxg6 Bc5 63. Rh6+ Kg7 64. Bh5 Be3 65. Rf6 Bd4 66. Rf7+ Kg8 67. e6 Bc5 68. e7 Re4 69. Rf8+ Kg7 70. e8=Q Rxe8 71. Rxe8 1-0


[Site "https://www.chess.com"]

[Event "Titled Tuesday Blitz March 22 Late 2022"]
[White "Horcajuelo Rocamora, Martin"]
[Black "Antonio, Jorge Carlos"]
[WhiteFideId "24573027"]
[BlackFideId "113190"]
[WhiteElo "1706"]
[BlackElo "2247"]
[Result "0-1"]
[Round "03"]
[TimeControl "180+1"]
[Date "2022.03.22"]
[WhiteClock "0:00:14"]
[BlackClock "0:00:27"]

1. e4 e5 2. Nf3 Nc6 3. Bb5 f5 4. d3 fxe4 5. dxe4 Nf6 6. Qe2 a6 7. Ba4 Bb4+ 8. c3 Bc5 9. O-O d6 10. b4 Bb6 11. Bb3 Qe7 12. Nbd2 Be6 13. Nc4 Ba7 14. Ne3 Bxe3 15. Qxe3 Bxb3 16. axb3 O-O 17. Nh4 Qe6 18. Nf5 Qxb3 19. Qg3 g6 20. Bh6 Rf7 21. Bg5 Nxe4 22. Nh6+ Kg7 23. Qe3 Nxg5 24. Qxg5 Rff8 25. Ng4 Qe6 26. Rae1 Qf5 27. Qh6+ Kh8 28. Ne3 Qh5 29. Qxh5 gxh5 30. Nd5 Rac8 31. Re4 Rf7 32. Rh4 Nd8 33. Rxh5 Ne6 34. Rh4 c6 35. Nb6 Rg8 36. Nc4 Nf4 37. g3 Ne2+ 38. Kg2 Rg6 39. Re4 Nxc3 40. Re3 Nd5 41. Rb3 b5 42. Na5 Ne7 43. Rd1 d5 44. Re3 e4 45. Nb3 Rgf6 46. Re2 Ng6 47. Nc5 Ne5 48. Nxa6 Nd3 49. Rdd2 Ra7 50. Nc5 Nxb4 51. Rc2 Nd3 52. Nxd3 exd3 53. Re8+ Kg7 54. Rc3 d2 55. Rd3 Rd6 56. Rxd2 c5 57. Re7+ Rxe7 58. Rb2 b4 0-1


[Site "https://www.chess.com"]

[Event "Titled Tuesday Blitz March 22 Late 2022"]
[White "Indjic, Aleksandar"]
[Black "Altman, Joshua"]
[WhiteFideId "911925"]
[BlackFideId "426210"]
[WhiteElo "2616"]
[BlackElo "1945"]
[Result "1-0"]
[Round "03"]
[TimeControl "180+1"]
[Date "2022.03.22"]
[WhiteClock "0:01:04"]
[BlackClock "0:00:49"]

1. d4 Nf6 2. c4 e6 3. Nc3 Bb4 4. Qc2 O-O 5. Nf3 b6 6. e4 Bb7 7. Bd3 d5 8. cxd5 exd5 9. e5 Ne4 10. O-O Bxc3 11. bxc3 c5 12. Ba3 Nd7 13. Nd2 Nxd2 14. Qxd2 Re8 15. f4 Rc8 16. f5 cxd4 17. cxd4 Qh4 18. Rf4 Qg5 19. h4 Qh6 20. Raf1 Nf8 21. R1f3 Rc7 22. Qf2 Rc3 23. Bb2 Rc7 24. Rg3 Rec8 25. Rfg4 f6 26. Kh2 Kh8 27. Ba3 Bc6 28. e6 g5 29. Rh3 Be8 30. hxg5 1-0


[Site "https://www.chess.com"]

[Event "Titled Tuesday Blitz March 22 Late 2022"]
[White "Issani, Nameer"]
[Black "Grigorov, Grigor"]
[WhiteFideId "2619130"]
[BlackFideId "2907313"]
[WhiteElo "2544"]
[BlackElo "2812"]
[Result "0-1"]
[Round "03"]
[TimeControl "180+1"]
[Date "2022.03.22"]
[WhiteClock "0:00:08"]
[BlackClock "0:00:11"]

1. d4 Nf6 2. c4 e6 3. Nc3 Bb4 4. e3 O-O 5. Ne2 d5 6. a3 Be7 7. cxd5 Nxd5 8. e4 Nxc3 9. Nxc3 c5 10. d5 exd5 11. Nxd5 Nc6 12. Be2 Bf6 13. O-O Bd4 14. Qc2 Be6 15. Bc4 Ne5 16. Ba2 Qh4 17. Be3 Ng4 18. Bf4 Bxd5 19. Bg3 Qg5 20. Bxd5 h5 21. Qc1 Qe7 22. Qd2 Rad8 23. h3 Nf6 24. Rfe1 Nxd5 25. exd5 Qf6 26. Re2 Rxd5 27. Qc2 h4 28. Qe4 hxg3 29. Qxd5 gxf2+ 30. Kf1 Qf4 31. g4 Qg3 32. Qg2 Qd3 33. Qe4 Qxh3+ 34. Qg2 Qb3 35. Rc1 g6 36. g5 Kg7 37. Qe4 Rh8 38. Qg2 Rh5 39. Rcc2 Qd3 40. Rc1 Qf5 41. b4 Rxg5 42. Qh1 Rg1+ 0-1


[Site "https://www.chess.com"]

[Event "Titled Tuesday Blitz March 22 Late 2022"]
[White "Jacobson, Aaron"]
[Black "Sanchez, Robert"]
[WhiteFideId "2089912"]
[BlackFideId "2034360"]
[WhiteElo "2265"]
[BlackElo "2257"]
[Result "1-0"]
[Round "03"]
[TimeControl "180+1"]
[Date "2022.03.22"]
[WhiteClock "0:00:07"]
[BlackClock "0:00:21"]

1. e4 e6 2. d4 d5 3. Nd2 Nf6 4. e5 Nfd7 5. f4 c5 6. Ngf3 Nc6 7. Nb3 a5 8. a4 cxd4 9. Nbxd4 Nc5 10. Bb5 Bd7 11. O-O Be7 12. Be3 O-O 13. Qe2 Nxd4 14. Nxd4 Bxb5 15. Nxb5 Ne4 16. f5 exf5 17. Rxf5 Rc8 18. c3 Qd7 19. Raf1 f6 20. exf6 Rxf6 21. Rxf6 Bxf6 22. Qh5 g6 23. Qf3 Bg7 24. Rd1 Re8 25. Bf4 Qf7 26. Bc7 Qe6 27. Bxa5 Qa6 28. Nc7 Qxa5 29. Nxe8 Qxa4 30. Nxg7 Kxg7 31. Rf1 Qe8 32. Qe3 Kg8 33. Qd4 Qb5 34. h3 h5 35. Qe5 Qd3 36. Qe6+ Kg7 37. Qe7+ Kh6 38. Qf8+ Kg5 39. Qf4# 1-0


[Site "https://www.chess.com"]

[Event "Titled Tuesday Blitz March 22 Late 2022"]
[White "Jaracz, Pawel"]
[Black "Olsen, Filip Boe"]
[WhiteFideId "1102222"]
[BlackFideId "1440640"]
[WhiteElo "2729"]
[BlackElo "2522"]
[Result "1-0"]
[Round "03"]
[TimeControl "180+1"]
[Date "2022.03.22"]
[WhiteClock "0:00:38"]
[BlackClock "0:00:01"]

1. d4 Nf6 2. c4 c6 3. Nc3 d5 4. e3 Bf5 5. cxd5 cxd5 6. Qb3 Bc8 7. Nf3 e6 8. Bb5+ Nc6 9. Ne5 Bd7 10. Nxd7 Qxd7 11. Bd2 Bd6 12. Rc1 O-O 13. Na4 Rfc8 14. O-O Qd8 15. Bxc6 bxc6 16. Qd3 Ne4 17. Rc2 c5 18. dxc5 Bxc5 19. Rfc1 Bd6 20. Be1 h6 21. f3 Nf6 22. Bh4 g5 23. Bf2 Rxc2 24. Qxc2 Qa5 25. Be1 Qb5 26. Qc6 Qxc6 27. Rxc6 Be5 28. b4 Rb8 29. Nc5 Bb2 30. Ra6 Ne8 31. Rxa7 Nd6 32. a4 Nc4 33. Kf2 Ba3 34. Nd3 Nb6 35. a5 Na4 36. a6 Kg7 37. Rb7 Ra8 38. a7 Kf6 39. b5 Nc5 40. Bc3+ Kg6 41. Nxc5 Bxc5 42. Bd4 1-0


[Site "https://www.chess.com"]

[Event "Titled Tuesday Blitz March 22 Late 2022"]
[White "Jary, Sergey"]
[Black "Bibasa, Bob"]
[WhiteFideId "14110350"]
[BlackFideId "10000240"]
[WhiteElo "2260"]
[BlackElo "2056"]
[Result "1-0"]
[Round "03"]
[TimeControl "180+1"]
[Date "2022.03.22"]
[WhiteClock "0:00:56"]
[BlackClock "0:00:03"]

1. e4 c5 2. Nf3 d6 3. d4 cxd4 4. Nxd4 Nf6 5. f3 e5 6. Bb5+ Bd7 7. Bxd7+ Qxd7 8. Nf5 g6 9. Bg5 gxf5 10. Bxf6 Rg8 11. O-O f4 12. Nc3 Rg6 13. Nd5 Na6 14. c4 Nc7 15. Bh4 Nxd5 16. Qxd5 Rc8 17. Kh1 Rc5 18. Qd3 Be7 19. b4 Rc6 20. Bf2 Qe6 21. Rac1 Rh6 22. a4 Qg6 23. b5 Qh5 24. h3 Rc8 25. Bxa7 Bh4 26. Bg1 Bg3 27. a5 Qg6 28. c5 Qe6 29. Qd2 dxc5 30. Rfd1 c4 31. b6 c3 32. Rxc3 Kf8 33. Rxc8+ Qxc8 34. Qd8+ Qxd8 35. Rxd8+ Ke7 36. Rb8 Kd7 37. Rxb7+ Kc6 38. Rxf7 Rg6 39. b7 Rg8 40. a6 Rd8 41. a7 Rd1 42. a8=Q Bf2 43. b8=Q+ Kc5 44. Rc7+ Kd6 45. Qb6+ Bxb6 46. Qc6# 1-0


[Site "https://www.chess.com"]

[Event "Titled Tuesday Blitz March 22 Late 2022"]
[White "Jaskolka, Tomasz"]
[Black "Clawitter, Craig"]
[WhiteFideId "1170791"]
[BlackFideId "2023105"]
[WhiteElo "2073"]
[BlackElo "2198"]
[Result "1-0"]
[Round "03"]
[TimeControl "180+1"]
[Date "2022.03.22"]
[WhiteClock "0:01:24"]
[BlackClock "0:00:26"]

1. d4 e6 2. Bf4 Nf6 3. e3 b6 4. Nf3 Bb7 5. Nbd2 Be7 6. Bd3 Nh5 7. Bg3 d6 8. c3 Nd7 9. Qe2 g6 10. O-O-O a6 11. Kb1 b5 12. e4 c5 13. e5 d5 14. dxc5 Nxc5 15. Nd4 Rb8 16. f4 Nxg3 17. hxg3 b4 18. cxb4 Nxd3 19. Qxd3 Bxb4 20. N2f3 Qa5 21. Ng5 Rc8 22. Nxh7 Bc6 23. Nf6+ Ke7 24. Rxh8 Rxh8 25. Nxc6+ 1-0


[Site "https://www.chess.com"]

[Event "Titled Tuesday Blitz March 22 Late 2022"]
[White "Jobava, Baadur"]
[Black "Lin, Dachey"]
[WhiteFideId "13601520"]
[BlackFideId "2029650"]
[WhiteElo "2617"]
[BlackElo "2313"]
[Result "1-0"]
[Round "03"]
[TimeControl "180+1"]
[Date "2022.03.22"]
[WhiteClock "0:01:22"]
[BlackClock "0:00:30"]

1. e4 g6 2. d4 Bg7 3. c4 c6 4. Nc3 d6 5. f4 e5 6. dxe5 dxe5 7. Qxd8+ Kxd8 8. Nf3 Nd7 9. fxe5 Nxe5 10. Bg5+ Ke8 11. O-O-O Be6 12. Nd4 Bh6 13. Nxe6 fxe6 14. h4 Bxg5+ 15. hxg5 Nf7 16. c5 Nxg5 17. Bc4 Nf6 18. Rd6 Ke7 19. Rhd1 Rad8 20. b4 Ng4 21. Bb3 Ne5 22. b5 cxb5 23. Nxb5 Rc8 24. Kb2 Rxc5 25. Nd4 Kxd6 26. Nxe6+ Kc6 27. Nxc5 Re8 28. Rc1 Kb6 29. Bd5 Re7 30. Kb3 h5 31. a4 a5 32. Ka3 h4 33. Nxb7 Nd3 34. Rc6+ Ka7 35. Nd6 Rd7 36. Nb5+ Kb8 37. Rxg6 Nf7 38. Bxf7 Ne5 39. Rg8+ Kb7 40. Bd5+ Kb6 1-0


[Site "https://www.chess.com"]

[Event "Titled Tuesday Blitz March 22 Late 2022"]
[White "Jones, Gawain C B"]
[Black "Tabatabaei, M. Amin"]
[WhiteFideId "409561"]
[BlackFideId "12521213"]
[WhiteElo "2657"]
[BlackElo "2544"]
[Result "1-0"]
[Round "03"]
[TimeControl "180+1"]
[Date "2022.03.22"]
[WhiteClock "0:00:13"]
[BlackClock "0:00:14"]

1. e4 Nc6 2. Nf3 d6 3. d4 g6 4. Bb5 Bd7 5. Be3 Bg7 6. Nc3 a6 7. Bxc6 Bxc6 8. d5 Bd7 9. Bd4 Nf6 10. e5 dxe5 11. Nxe5 O-O 12. Qf3 b5 13. O-O-O b4 14. Ne4 Nxe4 15. Qxe4 a5 16. Nc6 Bxc6 17. Bxg7 Kxg7 18. dxc6 Qc8 19. Rd7 Re8 20. Qe5+ Kg8 21. Rhd1 a4 22. Qxc7 Qa6 23. Rd8 Raxd8 24. Rxd8 Qf1+ 25. Rd1 Qxf2 26. Qd7 Rf8 27. c7 Qc5 28. Qd8 a3 29. bxa3 bxa3 30. Qxf8+ Kxf8 31. Rd8+ Kg7 32. c8=Q Qe3+ 33. Kd1 Qg1+ 34. Kd2 Qxg2+ 35. Kc3 Qxh2 36. Qc5 Qe2 37. Qd4+ f6 38. Qc4 Qe3+ 39. Rd3 Qe1+ 40. Kb3 h5 41. Qc3 Qe6+ 42. Kxa3 h4 43. Re3 Qa6+ 44. Kb3 e5 45. Qc7+ Kh6 46. Qc5 Kg5 47. a4 Kf4 48. Rd3 e4 49. Qf2+ Kg5 50. Qe3+ Kh5 51. Qxe4 g5 52. Qh7+ Kg4 53. Rd4+ Kg3 54. Qd3+ Qxd3+ 55. Rxd3+ Kg2 56. a5 h3 57. a6 h2 58. Rd1 h1=Q 59. Rxh1 Kxh1 60. a7 g4 61. a8=Q+ Kh2 62. Qe4 g3 63. Qh4+ Kg2 64. Qxf6 Kh3 65. Qf3 Kh2 66. c4 Kh3 67. c5 Kh2 68. c6 g2 69. c7 g1=Q 70. Qh5+ Kg2 71. Qg5+ Kf3 72. Qxg1 Ke4 73. c8=Q 1-0


[Site "https://www.chess.com"]

[Event "Titled Tuesday Blitz March 22 Late 2022"]
[White "Kaasen, Tor Fredrik"]
[Black "Koutlas, Nikolaos"]
[WhiteFideId "1516647"]
[BlackFideId "25827138"]
[WhiteElo "2335"]
[BlackElo "1610"]
[Result "1-0"]
[Round "03"]
[TimeControl "180+1"]
[Date "2022.03.22"]
[WhiteClock "0:00:16"]
[BlackClock "0:00:02"]

1. e4 c5 2. Nf3 Nc6 3. d4 cxd4 4. Nxd4 e5 5. Nb5 d6 6. c4 g6 7. Be2 Nf6 8. N1c3 a6 9. Na3 Bg7 10. O-O O-O 11. b3 Be6 12. Bb2 Nd4 13. Nc2 Nxc2 14. Qxc2 Rc8 15. a4 Nd7 16. Rfd1 Qc7 17. Nd5 Bxd5 18. Rxd5 Nf6 19. Rd2 b5 20. a5 Rfd8 21. Qb1 b4 22. Ra4 Rb8 23. Qd3 Bf8 24. Ra1 Nd7 25. Qe3 Nc5 26. f4 Bh6 27. Rf1 exf4 28. Qd4 Kf8 29. Qh8+ Ke7 30. Qf6+ Kf8 31. Bg4 Re8 32. Qh8+ Ke7 33. Bf6# 1-0


[Site "https://www.chess.com"]

[Event "Titled Tuesday Blitz March 22 Late 2022"]
[White "Kamsky, Gata"]
[Black "Mirza, Diana"]
[WhiteFideId "2000024"]
[BlackFideId "2503999"]
[WhiteElo "2645"]
[BlackElo "1813"]
[Result "1-0"]
[Round "03"]
[TimeControl "180+1"]
[Date "2022.03.22"]
[WhiteClock "0:01:58"]
[BlackClock "0:02:04"]

1. d4 Nf6 2. Nf3 g6 3. c3 Bg7 4. Bg5 h6 5. Bh4 g5 6. Bg3 Ne4 7. Nbd2 Nxg3 8. hxg3 d6 9. e4 Bd7 10. Nc4 b5 11. Ne3 c5 12. dxc5 dxc5 13. Qd5 Bc6 14. Qxc5 Bxe4 15. Bxb5+ Kf8 16. Rd1 1-0


[Site "https://www.chess.com"]

[Event "Titled Tuesday Blitz March 22 Late 2022"]
[White "Karavaeva, Olga"]
[Black "Weber, Samuel"]
[WhiteFideId "4124111"]
[BlackFideId "12924008"]
[WhiteElo "2105"]
[BlackElo "2215"]
[Result "0-1"]
[Round "03"]
[TimeControl "180+1"]
[Date "2022.03.22"]
[WhiteClock "0:01:40"]
[BlackClock "0:00:19"]

1. c4 Nf6 2. Nc3 e5 3. g3 Nc6 4. Bg2 g6 5. e3 Bg7 6. Nge2 O-O 7. O-O Re8 8. d4 exd4 9. Nxd4 Ne5 10. b3 d6 11. h3 Rb8 12. Bb2 Bd7 13. Qc2 Qc8 14. Kh2 a6 15. a4 c5 16. Nde2 Bf5 17. e4 Bd7 18. f4 Nc6 19. Rad1 Nb4 20. Qd2 Bc6 21. Nd5 Bxd5 22. exd5 Qf5 23. g4 Qc2 24. g5 Ng4+ 25. hxg4 Rxe2 26. Qxc2 Nxc2 27. Bxg7 Kxg7 28. Rd3 Rbe8 29. Kg1 Ne3 30. Bf3 Nxf1 31. Bxe2 Rxe2 32. Kxf1 Re4 33. Rf3 f6 34. gxf6+ Kxf6 35. Kf2 h5 36. gxh5 gxh5 37. Kg3 Kf5 38. Rd3 Rxf4 39. Re3 Re4 40. Rf3+ Kg5 41. Rf7 Re3+ 42. Kg2 Rxb3 43. Rd7 Rb4 44. Rxd6 Rxc4 45. Rb6 Rxa4 46. Rxb7 Rd4 47. Ra7 Rxd5 48. Rxa6 Kf4 49. Rh6 Ke3 50. Re6+ Kd2 51. Kf3 c4 52. Ke4 Rd8 0-1


[Site "https://www.chess.com"]

[Event "Titled Tuesday Blitz March 22 Late 2022"]
[White "Khanin, Semen"]
[Black "Sharafiev, Azat"]
[WhiteFideId "4111990"]
[BlackFideId "4186214"]
[WhiteElo "2442"]
[BlackElo "2299"]
[Result "1/2-1/2"]
[Round "03"]
[TimeControl "180+1"]
[Date "2022.03.22"]
[WhiteClock "0:00:17"]
[BlackClock "0:00:06"]

1. e4 c5 2. Nf3 e6 3. c3 d5 4. exd5 exd5 5. d4 Nf6 6. Be2 Bd6 7. dxc5 Bxc5 8. O-O O-O 9. Nbd2 Ne4 10. Nb3 Bb6 11. Nbd4 Nc6 12. Be3 Re8 13. a4 Bg4 14. h3 Bh5 15. Re1 Qf6 16. Qb3 Bxf3 17. Bxf3 Nxd4 18. cxd4 Bxd4 19. Bxd4 Qxd4 20. Bxe4 dxe4 21. Rad1 Qb6 22. Qxb6 axb6 23. Rd4 f5 24. Rb4 Re6 25. g4 g6 26. Kg2 Rd8 27. a5 Rd2 28. Kg3 Rd3+ 29. Re3 fxg4 30. hxg4 Rxe3+ 31. fxe3 bxa5 32. Rxb7 Rf6 33. Rb5 Rf3+ 34. Kh4 Rxe3 35. Rxa5 Rb3 36. Re5 e3 37. Kg5 Kf7 38. Re4 Rb5+ 39. Kh6 Rxb2 40. Rxe3 Rh2+ 41. Kg5 h6+ 42. Kf4 Rc2 43. Ra3 Rc4+ 44. Kg3 Rd4 45. Ra7+ Ke6 46. Rh7 Kf6 47. Rxh6 Kg5 48. Rh8 Rd3+ 49. Kg2 Kxg4 50. Ra8 Rd2+ 51. Kg1 Rd4 52. Ra2 g5 53. Kg2 Re4 54. Rb2 Kf4 55. Rf2+ Kg4 56. Ra2 Rf4 57. Rb2 Rd4 58. Ra2 Rd3 59. Rb2 Re3 60. Rb4+ Kf5 61. Ra4 Re4 62. Rxe4 Kxe4 63. Kg3 g4 64. Kxg4 1/2-1/2


[Site "https://www.chess.com"]

[Event "Titled Tuesday Blitz March 22 Late 2022"]
[White "Kollars, Dmitrij"]
[Black "Nenezic, Marko"]
[WhiteFideId "12909572"]
[BlackFideId "912123"]
[WhiteElo "2584"]
[BlackElo "2457"]
[Result "1/2-1/2"]
[Round "03"]
[TimeControl "180+1"]
[Date "2022.03.22"]
[WhiteClock "0:00:16"]
[BlackClock "0:00:10"]

1. c4 Nf6 2. Nc3 g6 3. e4 d6 4. d4 Bg7 5. h3 O-O 6. Be3 e5 7. d5 a5 8. g4 Na6 9. Qd2 Nc5 10. f3 h5 11. O-O-O Bd7 12. Bg5 Qe8 13. Kb1 Nh7 14. Bh4 f5 15. gxh5 g5 16. Bf2 f4 17. h4 g4 18. fxg4 Bxg4 19. Be2 f3 20. Bd3 Qxh5 21. Nh3 Bxh3 22. Rxh3 Bh6 23. Rg1+ Kh8 24. Qd1 Nxd3 25. Qxd3 Rf7 26. Rgg3 Rg8 27. Rxf3 Rgf8 28. Rxf7 Rxf7 29. Be3 Bxe3 30. Qxe3 Rf4 31. a3 Nf6 32. Rg3 Ng4 33. Qa7 Qxh4 34. Qb8+ Kg7 35. Qxc7+ Rf7 36. Rxg4+ Qxg4 37. Qxd6 Qg3 38. Ka2 Rf2 39. Qe7+ Kg6 40. Qe6+ Kh7 41. Qe7+ Kg6 42. Kb3 a4+ 43. Kxa4 Rxb2 44. Qe6+ Kh7 45. Qf7+ Kh6 46. Qf6+ Kh7 47. Nb5 Qb3+ 48. Ka5 Qxc4 49. Qe7+ Kh6 50. Qe6+ Kh7 51. Qf5+ Kh6 52. Qf6+ Kh7 53. Qe7+ Kh6 54. Qe6+ Kh7 55. Qd7+ Kh6 56. a4 Qxe4 57. Qe6+ Kh5 58. Qf7+ Kg4 59. d6 Qb4+ 60. Kb6 Qxd6+ 61. Ka7 Qa6+ 62. Kb8 Rxb5 63. Qc4+ Kf5 64. axb5 Qb6 65. Qf7+ Ke4 66. Qxb7+ Qxb7+ 67. Kxb7 Kd5 68. b6 e4 69. Kc8 e3 70. b7 e2 71. b8=Q e1=Q 72. Qb7+ Kd4 73. Qd7+ Kc3 74. Qd6 Kc2 75. Qg6+ Kd1 76. Qd3+ Qd2 77. Qxd2+ Kxd2 1/2-1/2


[Site "https://www.chess.com"]

[Event "Titled Tuesday Blitz March 22 Late 2022"]
[White "Kosteniuk, Alexandra"]
[Black "Sarana, Alexey"]
[WhiteFideId "4128125"]
[BlackFideId "24133795"]
[WhiteElo "2469"]
[BlackElo "2666"]
[Result "0-1"]
[Round "03"]
[TimeControl "180+1"]
[Date "2022.03.22"]
[WhiteClock "0:00:09"]
[BlackClock "0:00:12"]

1. e4 c5 2. c3 d5 3. exd5 Qxd5 4. d4 Nc6 5. Nf3 Bf5 6. Na3 Nf6 7. Nb5 Rc8 8. Be3 a6 9. c4 Qd7 10. Nc3 e6 11. Be2 cxd4 12. Nxd4 Nxd4 13. Qxd4 Qxd4 14. Bxd4 Bd6 15. O-O Ke7 16. Rfd1 Rhd8 17. Bb6 Rd7 18. h3 Rc6 19. Be3 h6 20. g4 Bh7 21. Rac1 Rcc7 22. Na4 Ne4 23. c5 Be5 24. b4 Rxd1+ 25. Bxd1 Ng5 26. Kg2 Be4+ 27. f3 Bc6 28. Nb6 f5 29. h4 Nh7 30. gxf5 exf5 31. Bb3 Kf6 32. Kf2 f4 33. Bd2 Nf8 34. Bc3 Ng6 35. h5 Bxc3 36. Rxc3 Ne5 37. a4 Kg5 38. Bd1 Kxh5 39. Be2 Kg5 40. b5 axb5 41. axb5 Be8 42. Nd5 Rd7 43. Nb6 Rd2 44. Ke1 Rb2 0-1


[Site "https://www.chess.com"]

[Event "Titled Tuesday Blitz March 22 Late 2022"]
[White "Kozak, Adam"]
[Black "Rosen, Eric"]
[WhiteFideId "753246"]
[BlackFideId "2032562"]
[WhiteElo "2833"]
[BlackElo "2555"]
[Result "1-0"]
[Round "03"]
[TimeControl "180+1"]
[Date "2022.03.22"]
[WhiteClock "0:01:34"]
[BlackClock "0:00:02"]

1. e4 c5 2. Nf3 d6 3. Bc4 Nf6 4. d3 g6 5. O-O Bg7 6. e5 dxe5 7. Nxe5 O-O 8. Re1 Bd7 9. Nc3 Bc6 10. Bf4 Nfd7 11. Qg4 Nxe5 12. Bxe5 Bxe5 13. Rxe5 Nd7 14. Re3 Nf6 15. Qg5 e6 16. Qxc5 a6 17. Qg5 Rc8 18. h4 Nh5 19. Rae1 Qxg5 20. hxg5 Nf4 21. f3 b5 22. Bb3 a5 23. a3 Rfd8 24. a4 b4 25. Ne4 Kg7 26. Nf6 Nd5 27. Re5 Nxf6 28. gxf6+ Kxf6 29. Rxa5 Bd5 30. Bxd5 Rxd5 31. Rxd5 exd5 32. Re2 b3 33. cxb3 Rb8 34. Kf2 Rxb3 35. Ke3 d4+ 36. Kxd4 Rb4+ 37. Kc5 Rxa4 38. b4 Ra3 39. b5 Rxd3 40. b6 Rb3 41. Kc6 Kg5 42. b7 f5 43. Kc7 Kf4 44. b8=Q Rxb8 45. Kxb8 g5 46. Kc7 g4 47. fxg4 fxg4 48. Kd6 h5 49. Ra2 h4 50. Ra3 g3 51. Rf3+ Kg4 52. Ke5 h3 53. Rf4+ 1-0


[Site "https://www.chess.com"]

[Event "Titled Tuesday Blitz March 22 Late 2022"]
[White "Kozin, Yuri"]
[Black "Abdrlauf, Elham"]
[WhiteFideId "4129920"]
[BlackFideId "1533533"]
[WhiteElo "2531"]
[BlackElo "2334"]
[Result "1-0"]
[Round "03"]
[TimeControl "180+1"]
[Date "2022.03.22"]
[WhiteClock "0:00:22"]
[BlackClock "0:00:03"]

1. e4 c6 2. d4 d5 3. exd5 cxd5 4. c4 Nf6 5. Nc3 g6 6. cxd5 Nxd5 7. Bc4 Nxc3 8. Qb3 e6 9. bxc3 Bg7 10. Ba3 Bf8 11. Bc1 Nc6 12. Bb5 Bd7 13. Nf3 Bg7 14. Ba3 Bf8 15. Bc1 Be7 16. Bh6 a6 17. Be2 b5 18. O-O Bf8 19. Bg5 Be7 20. Bh6 Bf8 21. Bg5 f6 22. Bh4 Bg7 23. Ne5 Qe7 24. Bf3 Rc8 25. Nxd7 Qxd7 26. d5 Ne5 27. dxe6 Nxf3+ 28. gxf3 Qc6 29. Rad1 Qc4 30. Qa3 Bf8 31. Qxa6 Be7 32. Rd4 Qc6 33. Qa7 Qxe6 34. Re4 Qd7 35. Qxd7+ Kxd7 36. Rd1+ Bd6 37. Red4 Rc6 38. Bg3 Rhc8 39. Rxd6+ Ke7 40. Rd7+ Ke6 41. Rxh7 g5 42. Rhd7 Rxc3 43. R7d6+ Kf5 44. R6d5+ Kg6 45. Rxb5 Rxf3 46. Kg2 Ra3 47. Rd2 Rca8 48. Rb6 R8a5 49. Rdd6 Rf5 50. Rb2 Rfa5 51. Rdd2 Kh5 52. Rb6 f5 53. Rdd6 f4 54. h3 g4 55. Rh6+ Kg5 56. Rbg6+ Kf5 57. hxg4+ Ke4 58. Re6+ Kd4 59. Bxf4 Rxa2 60. Be3+ Kd3 61. Rd6+ Ke2 62. Rhe6 1-0


[Site "https://www.chess.com"]

[Event "Titled Tuesday Blitz March 22 Late 2022"]
[White "Krishnan, Varun"]
[Black "Shimanov, Aleksandr"]
[WhiteFideId "5054508"]
[BlackFideId "4198603"]
[WhiteElo "2607"]
[BlackElo "2636"]
[Result "0-1"]
[Round "03"]
[TimeControl "180+1"]
[Date "2022.03.22"]
[WhiteClock "0:00:22"]
[BlackClock "0:01:45"]

1. e4 d5 2. exd5 Qxd5 3. Nc3 Qe5+ 4. Be2 Bg4 5. d4 Bxe2 6. Ngxe2 Qa5 7. O-O Nf6 8. h3 Nc6 9. Be3 O-O-O 10. Nc1 e6 11. Nb3 Qf5 12. Qe2 h5 13. Rfd1 g5 14. a3 Rg8 15. Qd3 Ne7 16. a4 h4 17. a5 a6 18. Nc5 g4 19. Qxf5 Nxf5 20. hxg4 Nxg4 21. Rd3 Nfxe3 22. fxe3 Bxc5 23. dxc5 Rxd3 24. cxd3 Nxe3 25. Kf2 Nxg2 26. Ne4 Nf4 27. Rh1 Nxd3+ 28. Ke3 Nxb2 29. Rxh4 Nc4+ 30. Kd4 Nxa5 31. Rh7 f5 32. Nf6 Rf8 33. Ke5 Nc6+ 34. Kxe6 f4 35. Rh4 f3 36. Rf4 a5 37. Kd5 Ne7+ 38. Ke6 Ng8 39. Rxf3 Rxf6+ 40. Rxf6 Nxf6 41. Kxf6 a4 42. Ke7 a3 43. Kf8 a2 44. Kg7 a1=Q+ 45. Kg8 Qd4 46. Kf8 Qxc5+ 47. Kf7 0-1


[Site "https://www.chess.com"]

[Event "Titled Tuesday Blitz March 22 Late 2022"]
[White "Kujawski, Adam"]
[Black "Necula, Iulian"]
[WhiteFideId "1100920"]
[BlackFideId "1232380"]
[WhiteElo "2053"]
[BlackElo "1776"]
[Result "1-0"]
[Round "03"]
[TimeControl "180+1"]
[Date "2022.03.22"]
[WhiteClock "0:00:07"]
[BlackClock "0:00:37"]

1. e4 g6 2. d4 c6 3. Nc3 d5 4. h3 dxe4 5. Nxe4 Nf6 6. Nxf6+ exf6 7. Nf3 Bg7 8. Bc4 O-O 9. O-O Be6 10. Bxe6 fxe6 11. Re1 Re8 12. c4 Nd7 13. Be3 Qc7 14. Qc2 e5 15. Rad1 e4 16. Nh2 f5 17. g3 Rad8 18. Nf1 Nf6 19. Bf4 Qb6 20. Be5 Rd7 21. Ne3 Red8 22. c5 Qa6 23. Qb3+ Nd5 24. Bd6 Kh8 25. Nxd5 cxd5 26. Qxd5 Rxd6 27. cxd6 Rxd6 28. Qf7 Rf6 29. Qe8+ Rf8 30. Qe7 Kg8 31. d5 Rf7 32. Qe8+ Rf8 33. Qe6+ Rf7 34. d6 Bf8 35. Re3 Kg7 36. Rc3 Rf6 37. Rc7+ Kh6 38. Qxf6 Qe2 39. Qxf8+ Kg5 40. Rf1 e3 41. Qe7+ Kh6 42. Qxe3+ Qxe3 43. fxe3 g5 44. d7 g4 45. hxg4 fxg4 46. d8=Q Kh5 47. Qd6 h6 48. Rc5# 1-0


[Site "https://www.chess.com"]